Map: Ice and Chrome LE

Players

LelouchDream - Winner!

  • Race: Terran Terran
  • League: Master
  • Spawn Location: 7:00

MacroMan

  • Race: Protoss Protoss
  • League: Master
  • Spawn Location: 1:00

VOD

Have the link to the VOD?

Description

Time

  • Played on: Aug. 30, 2020, 1:42 p.m.
  • Length: 25:04
Show
View Real Time Build Order
Export as new Build Order

LelouchDream Terran - Winner!

Build Orders: Reaper Expand 

Get SALT Encoding   

  12  0:00  SCV  
  13  0:12  SCV  
  14  0:17  Supply Depot  
  14  0:24  SCV  
  15  0:39  SCV, Barracks  
  16  0:45  Refinery  
  16  0:51  SCV  
  17  1:03  SCV  
  18  1:15  SCV  
  19  1:28  Reaper, Orbital Command  
  20  1:43  Command Center  
  20  1:54  SCV  
  20  1:56  Supply Depot  
  20  2:00  Marine  
  22  2:06  SCV  
  23  2:11  Factory  
  23  2:23  Barracks Reactor  
  23  2:25  Bunker  
  23  2:31  SCV  
  23  2:32  Refinery  
  24  2:43  SCV  
  25  2:55  Orbital Command  
  25  2:57  SCV  
  28  2:58  Hellion  
  28  2:59  Starport  
  28  3:00  Marine  
  28  3:01  Marine  
  30  3:09  SCV  
  31  3:18  Marine  
  31  3:19  Marine  
  33  3:20  Factory Tech Lab  
  33  3:21  SCV  
  33  3:24  SCV  
  35  3:35  Supply Depot  
  35  3:36  Marine  
  35  3:37  Marine  
  37  3:45  Raven  
  39  3:48  SCV  
  39  3:49  SCV  
  39  3:54  Marine  
  39  3:55  Marine  
  43  4:04  SCV x2  
  44  4:10  Command Center  
  46  4:17  SCV x2  
  46  4:18  Factory Tech Lab  
  46  4:29  SCV x2  
  48  4:34  Barracks  
  48  4:36  Barracks, Siege Tank  
  48  4:37  Refinery, Marine x2  
  53  4:41  SCV  
  54  4:53  SCV x2, Supply Depot  
  55  5:01  Starport Reactor, Marine  
  55  5:02  Marine  
  55  5:05  SCV x2  
  59  5:09  Refinery  
  59  5:12  Siege Tank  
  62  5:15  Supply Depot  
  62  5:17  SCV  
  62  5:21  SCV  
  64  5:25  Marine  
  64  5:27  Marauder  
  68  5:29  SCV, Stimpack, Barracks Tech Lab  
  68  5:37  Orbital Command  
  68  5:39  Supply Depot  
  68  5:42  Engineering Bay  
  68  5:44  SCV  
  68  5:45  SCV  
  70  6:07  Orbital Command, Marine x2  
  70  6:08  Marauder  
  70  6:09  Marauder  
  70  6:10  Barracks  
  76  6:12  Barracks  
  76  6:19  SCV x2  
  76  6:21  Terran Infantry Weapons Level 1  
  76  6:22  Supply Depot  
  76  6:23  Supply Depot  
  76  6:24  Medivac  
  80  6:26  Medivac  
  80  6:30  Marauder  
  80  6:31  Combat Shield  
  84  6:35  SCV x2  
  84  6:36  SCV  
  87  6:43  Marauder  
  87  6:45  Siege Tank  
  92  6:48  Supply Depot  
  92  6:51  Marauder  
  92  6:52  Marine x2  
  96  6:58  SCV x2  
  99  7:02  Barracks Tech Lab  
  99  7:03  Barracks Reactor  
  99  7:04  Marauder  
  99  7:05  Supply Depot  
  99  7:07  Supply Depot  
  100  7:13  Marauder  
  100  7:29  Marauder x2, Marine x2  
  106  7:32  Viking x2  
  106  7:34  Marauder  
  106  7:35  SCV x3  
  115  7:39  Command Center  
  115  7:47  Marine  
  115  7:48  Marine x2  
  115  7:51  Marauder x2  
  114  8:06  Marine  
  114  8:07  Marauder, Marine x3  
  114  8:12  Marauder  
  115  8:24  Marauder, Marine x3  
  115  8:25  Marine  
  96  8:28  Marauder  
  96  8:31  SCV x3  
  96  8:33  Marauder  
  100  8:36  Medivac  
  102  8:42  Marine x4  
  102  8:43  SCV x2  
  102  8:45  Medivac, Marauder, Siege Tank  
  115  8:49  Marauder  
  115  8:50  SCV  
  115  8:52  Refinery  
  115  8:55  SCV x2, Marauder  
  122  9:00  Missile Turret, Marine x2  
  122  9:01  Marine x2  
  126  9:03  Concussive Shells  
  126  9:06  SCV  
  126  9:07  SCV x2, Marauder  
  126  9:08  Terran Infantry Armor Level 1  
  131  9:11  Armory, Marauder  
  131  9:12  Engineering Bay  
  131  9:14  Supply Depot  
  131  9:16  Marauder  
  135  9:18  Marine  
  135  9:23  Marine x3  
  135  9:24  Planetary Fortress  
  139  9:25  SCV x2  
  139  9:28  Marauder  
  143  9:32  Marauder  
  143  9:34  Bunker  
  143  9:35  Missile Turret, Marine  
  143  9:37  Medivac x2  
  143  9:38  Marauder  
  152  9:40  Marine  
  153  9:48  SCV x3  
  153  9:50  Marauder  
  158  9:54  Marauder  
  158  9:55  Supply Depot  
  158  9:56  Supply Depot  
  158  9:57  Supply Depot  
  160  10:01  SCV x3  
  160  10:03  Terran Infantry Weapons Level 2  
  160  10:05  Marine  
  164  10:13  Barracks x2  
  164  10:14  Barracks  
  164  10:16  Marine x3  
  164  10:17  Marauder x2  
  164  10:18  Medivac x2, Marauder  
  177  10:29  Marine  
  177  10:34  Marine x2  
  180  10:37  Marine  
  180  10:38  Marauder x2  
  180  10:39  Refinery x2, Marauder  
  187  10:42  Ghost Academy  
  187  10:46  Starport  
  187  10:47  Marine  
  188  10:51  Factory Reactor  
  188  10:53  Marine x2  
  188  10:54  Marine  
  169  11:00  Marauder x3  
  169  11:03  Marine  
  169  11:04  Marine x2  
  174  11:05  Marine  
  168  11:19  Liberator x2  
  168  11:21  Marauder x2, Marine x3  
  168  11:22  Marauder  
  168  11:23  Barracks Tech Lab x2  
  183  11:29  Barracks Reactor  
  182  11:35  Marine  
  183  11:41  Fusion Core  
  183  11:42  Marauder x2  
  183  11:45  Missile Turret  
  183  11:46  Supply Depot  
  187  11:47  Supply Depot  
  187  11:51  Terran Ship Weapons Level 1  
  187  11:52  Terran Infantry Armor Level 2, Liberator  
  187  11:53  Marauder x3  
  196  12:08  Marauder x2  
  200  12:34  Advanced Ballistics  
  200  12:39  Liberator x3  
  192  12:48  Marauder x3, Marine x2  
  200  12:52  Command Center, Refinery  
  200  12:53  Command Center  
  195  13:47  Marauder x2, Marine  
  166  14:11  Liberator x4  
  175  14:27  Orbital Command  
  170  14:48  Marauder x5, Marine x5  
  170  14:49  Marine  
  170  14:50  Terran Infantry Weapons Level 3, Terran Infantry Armor Level 3  
  186  14:54  Medivac x2, Liberator x2  
  196  15:06  Marine x2  
  198  15:09  Planetary Fortress, Marauder  
  200  15:20  Missile Turret  
  193  15:52  Refinery, Liberator  
  193  15:53  Liberator  
  193  15:54  Refinery  
  197  16:22  Liberator  
  179  17:10  Marauder x3, Marine x2  
  179  17:13  Marine  
  179  17:14  Marauder x2, Marine  
  153  17:26  Viking x4  
  153  17:27  Orbital Command  
  150  17:30  Marine x3  
  150  17:31  Marauder  
  150  17:32  Marauder x2  
  150  17:35  Marauder x2  
  163  17:38  Barracks  
  163  17:40  Barracks  
  163  17:42  Starport, Barracks  
  163  17:43  Starport  
  163  17:53  Marauder  
  163  17:56  Viking  
  167  17:58  Viking x3  
  167  18:02  Hi-Sec Auto Tracking, Neosteel Armor  
  167  18:03  Terran Ship Weapons Level 2  
  173  18:07  Refinery  
  173  18:08  Refinery  
  173  18:19  Starport Reactor  
  173  18:20  Starport Reactor  
  173  18:26  Marauder x4, Marine x2  
  173  18:27  Marauder, Marine  
  186  18:36  Viking x4  
  186  18:41  Barracks Tech Lab  
  194  18:42  Barracks Tech Lab x2  
  194  18:57  Viking x3  
  193  19:16  Marine x3  
  193  19:17  Marauder x5, Marine x3  
  178  19:18  Marauder x3  
  178  19:23  Viking x2  
  178  19:24  Viking x3  
  176  19:34  Marine x4  
  176  19:35  Marine  
  176  19:36  Liberator x3  
  176  19:38  Marauder x3  
  192  19:53  Medivac x2  
  192  19:54  Medivac  
  166  20:23  Viking x5  
  166  20:25  Terran Ship Weapons Level 3  
  176  20:28  Viking x3  
  176  20:29  Marauder x4, Marine x3  
  176  20:30  Marauder x3, Marine  
  176  20:32  Command Center  
  200  20:39  Command Center x2  
  177  21:03  Viking x2  
  177  21:04  Viking x4  
  183  21:11  Viking x2  
  191  21:17  Marauder x4  
  194  22:14  Viking x4  
  199  22:25  Marine  
  200  22:30  Planetary Fortress, Orbital Command  
  200  22:33  Missile Turret  
  200  22:36  Missile Turret  
  192  22:58  Marine x2  
  192  22:59  Marauder x3  
  193  23:06  Marauder x3, Marine x2  
  193  23:09  Marauder, Marine x2  
  193  23:12  Liberator x5  
  165  23:13  Liberator x2  
  165  23:16  Marine x2  
  159  23:20  Marauder x3  
  159  23:23  Marine x2  
  159  23:25  Rapid Reignition System  
  159  23:27  Marauder x2, Marine  
  163  23:28  Marauder  
  163  23:31  Marauder  
  163  23:32  Refinery x2  
  170  23:35  Marine x3  
  170  23:37  Command Center  
  170  23:40  Viking  
  175  23:41  Marauder, Marine x2  
  175  23:42  Marauder x2  
  175  23:44  Marine  
  184  23:49  Marauder x3  
  184  23:52  Marauder  
  184  23:53  Orbital Command, Marine x3  
  184  23:55  Viking x2  
  199  23:59  Marine  
  197  24:33  Viking  
Show
View Real Time Build Order
Export as new Build Order

MacroMan Protoss 

Build Orders: 1 Gate Expand, Blink Stalkers 

Get SALT Encoding   

  12  0:00  Probe  
  13  0:12  Probe  
  14  0:17  Pylon  
  14  0:24  Probe (Chrono Boost)  
  16  0:37  Probe (Chrono Boost), Gateway  
  16  0:43  Probe (Chrono Boost)  
  16  0:47  Assimilator  
  17  0:51  Probe  
  18  1:03  Probe  
  19  1:15  Probe  
  20  1:29  Cybernetics Core  
  20  1:37  Probe, Nexus  
  21  1:46  Pylon  
  21  1:49  Probe  
  21  1:51  Assimilator  
  22  2:01  Probe  
  22  2:02  Adept (Chrono Boost)  
  22  2:06  Warp Gate  
  25  2:13  Probe  
  26  2:24  Stalker (Chrono Boost)  
  26  2:25  Probe  
  29  2:38  Probe  
  30  2:45  Twilight Council  
  30  2:50  Probe  
  31  2:53  Probe  
  31  2:56  Stalker  
  34  3:02  Probe  
  36  3:05  Probe  
  36  3:14  Probe  
  36  3:17  Probe, Blink (Chrono Boost)  
  38  3:20  Gateway  
  38  3:22  Gateway  
  38  3:34  Probe x2  
  40  3:39  Pylon  
  40  3:46  Probe x2  
  42  3:57  Robotics Facility  
  42  3:58  Probe x2  
  42  4:10  Probe x2  
  43  4:25  Probe x2  
  43  4:27  Assimilator  
  43  4:28  Stalker x3  
  51  4:36  Pylon  
  51  4:37  Probe  
  52  4:40  Assimilator  
  52  4:45  Observer  
  53  4:53  Shield Battery  
  53  4:56  Charge (Chrono Boost)  
  53  5:04  Probe  
  53  5:06  Probe  
  55  5:08  Observer  
  55  5:12  Shield Battery, Nexus  
  56  5:16  Probe  
  56  5:18  Pylon  
  57  5:24  Gateway  
  57  5:26  Probe, Gateway  
  58  5:29  Robotics Bay, Gateway  
  58  5:34  Observer  
  59  5:38  Probe (Chrono Boost)  
  59  5:39  Probe (Chrono Boost)  
  61  5:49  Forge  
  61  5:50  Gateway  
  61  5:51  Probe x2 (Chrono Boost)  
  63  5:59  Probe x2 (Chrono Boost)  
  65  6:05  Probe x2  
  67  6:17  Probe x2  
  69  6:18  Shield Battery  
  69  6:23  Pylon  
  69  6:25  Pylon  
  69  6:28  Pylon  
  69  6:29  Probe x2  
  69  6:31  Protoss Ground Armor Level 1  
  71  6:33  Zealot x4  
  71  6:39  Probe, Disruptor (Chrono Boost)  
  80  6:41  Probe x2  
  80  6:44  Stalker  
  87  6:53  Probe x3  
  90  6:56  Assimilator  
  90  6:59  Photon Cannon  
  90  7:01  Assimilator  
  90  7:05  Probe x2, Extended Thermal Lance, Photon Cannon  
  90  7:08  Disruptor (Chrono Boost)  
  91  7:16  Probe  
  91  7:17  Probe  
  91  7:18  Probe  
  91  7:21  Zealot x4  
  102  7:25  Pylon  
  102  7:28  Probe  
  103  7:40  Disruptor (Chrono Boost)  
  106  7:45  Stalker x2  
  106  7:46  Zealot x2  
  106  7:47  Zealot  
  115  8:04  Zealot  
  115  8:05  Zealot  
  108  8:08  Zealot x4  
  106  8:24  Zealot  
  106  8:25  Zealot x2  
  101  8:33  Probe x3  
  101  8:41  Robotics Facility  
  101  8:44  Protoss Ground Armor Level 2, Nexus  
  101  8:45  Probe x3, Disruptor (Chrono Boost)  
  101  8:46  Pylon, Gateway x2  
  104  8:49  Forge  
  104  8:50  Pylon x3  
  104  8:54  Robotics Facility  
  107  8:57  Probe x3  
  110  9:09  Probe  
  111  9:13  Templar Archives  
  111  9:14  Photon Cannon, Disruptor (Chrono Boost)  
  111  9:15  Gateway  
  114  9:20  Zealot x3, Observer  
  114  9:21  Zealot x3  
  126  9:40  Pylon  
  126  9:44  Disruptor (Chrono Boost)  
  126  9:46  Disruptor (Chrono Boost)  
  126  9:50  Pylon  
  132  9:59  Zealot x3  
  138  10:00  Zealot x3  
  138  10:01  Stalker x3  
  150  10:10  Gateway, Colossus (Chrono Boost)  
  150  10:12  Gateway  
  150  10:13  Assimilator  
  156  10:18  Assimilator  
  156  10:19  Immortal (Chrono Boost)  
  156  10:21  Photon Cannon  
  156  10:24  Shield Battery  
  160  10:42  Zealot x4  
  168  10:43  Stalker x2  
  172  11:05  Zealot  
  172  11:06  Zealot x3  
  161  11:25  Protoss Ground Armor Level 3 (Chrono Boost)  
  161  11:26  Protoss Ground Weapons Level 1 (Chrono Boost)  
  161  11:32  Stargate  
  161  11:38  Colossus x2  
  173  11:42  Pylon  
  173  11:51  Assimilator  
  173  11:55  Assimilator  
  173  11:57  Nexus  
  173  11:59  Photon Cannon  
  173  12:01  Photon Cannon  
  173  12:04  Dark Shrine, Shield Battery  
  173  12:14  Pylon  
  173  12:16  Stargate  
  173  12:19  Stargate  
  173  12:20  Photon Cannon  
  173  12:22  Photon Cannon  
  172  12:45  Zealot x5  
  172  12:46  Stalker x2  
  172  12:47  Stalker  
  188  13:00  Pylon  
  188  13:01  Pylon  
  184  13:31  Fleet Beacon  
  168  13:46  Disruptor x2  
  167  13:50  Stalker x5  
  167  13:51  Stalker x5  
  167  13:52  Stalker  
  127  14:17  Zealot x4  
  110  14:20  Stalker x5  
  110  14:21  Stalker x2, Disruptor x2 (Chrono Boost)  
  133  14:41  Stalker x2  
  133  14:42  Stalker x2  
  141  14:46  Zealot x3  
  141  14:48  Disruptor x2 (Chrono Boost)  
  153  14:57  Probe x4  
  157  15:01  Tempest  
  162  15:09  Probe  
  163  15:14  Photon Cannon  
  163  15:23  Disruptor  
  163  15:25  Pylon  
  163  15:27  Pylon  
  165  15:30  Pylon  
  165  15:31  Pylon  
  165  15:34  Pylon  
  163  15:37  Tempest x2 (Chrono Boost)  
  173  15:45  Zealot x2  
  173  15:46  Zealot  
  173  15:48  Tempest (Chrono Boost)  
  179  15:57  Zealot x2  
  182  16:12  Tempest  
  182  16:13  Zealot  
  182  16:14  Zealot x4  
  182  16:15  Stalker  
  197  16:23  Zealot x2  
  189  16:42  Zealot x3  
  189  16:43  Stalker  
  144  17:29  Tempest  
  149  17:30  Tempest x2  
  159  17:42  Photon Cannon  
  159  17:43  Shield Battery  
  159  17:45  Nexus, Dark Templar x3  
  159  17:47  Pylon  
  159  17:50  Pylon  
  165  17:52  Assimilator  
  165  18:00  Stalker  
  165  18:01  Stalker x3  
  165  18:02  Stalker  
  175  18:12  Tempest  
  180  18:13  Tempest  
  180  18:14  Tempest  
  180  18:18  Nexus  
  186  18:26  Pylon x2  
  182  18:37  Colossus (Chrono Boost)  
  182  18:38  Stalker  
  182  18:39  Stalker x2  
  182  18:40  Colossus (Chrono Boost)  
  200  18:50  Photon Cannon  
  200  18:51  Photon Cannon  
  200  18:53  Photon Cannon  
  200  18:55  Shield Battery  
  200  18:57  Assimilator  
  162  19:26  Stalker x4  
  162  19:27  Stalker x4  
  162  19:28  Stalker x2  
  160  19:40  Disruptor  
  162  19:48  Zealot  
  162  19:49  Zealot x4  
  162  19:50  Zealot x3  
  158  20:11  Zealot  
  158  20:12  Zealot x4  
  158  20:13  Stalker x3  
  158  20:14  Stalker x2  
  178  20:23  Probe x4  
  182  20:32  Nexus  
  182  20:34  Pylon x2  
  182  20:35  Probe  
  183  20:42  Nexus  
  179  21:01  Disruptor x3  
  180  21:07  Assimilator  
  180  21:09  Assimilator  
  180  21:11  Zealot x4  
  184  21:12  Zealot, Assimilator  
  184  21:14  Photon Cannon x2  
  190  21:23  Photon Cannon  
  190  21:25  Photon Cannon  
  190  21:27  Shield Battery, High Templar x2  
  194  21:36  Disruptor  
  192  21:49  Stalker x4  
  200  22:20  Assimilator  
  200  22:24  Assimilator, Photon Cannon  
  200  22:25  Shield Battery  
  200  22:27  Photon Cannon  
  200  22:40  Pylon  
  200  22:41  Pylon  
  176  23:03  Zealot x4  
  176  23:04  Zealot x4  
  178  23:10  Zealot x4  
  131  23:26  Psionic Storm  
  131  23:31  Tempest x3  
  146  23:41  Probe  
  146  23:42  Probe x4  
  146  23:48  Stalker x3  
  153  23:49  Stalker x4  
  153  23:50  Stalker x3  
  153  23:51  Stalker  
  153  23:53  Colossus x2  
  153  23:54  Probe  
  186  24:06  Pylon  
  186  24:13  Nexus  
  186  24:14  Tempest, Pylon  
  186  24:16  Pylon  
  160  24:50  Zealot x4  
  160  24:51  Stalker, Zealot  
  160  24:52  Stalker x5  
  180  24:53  Stalker  
Tags
 
Add a new tag
Caveats
  • Supply blocks, unpowered buildings, or Contaminate may cause inaccurate times.
  • Supply counts are checked every 10 seconds.